 Dungeon Sprint DCSS version 0.26-a0-651-gb41185065b (webtiles) character file.

Game seed: 2657156016762722709

91 HoaS the Poker (level 4, -7/35 HPs)
             Began as a Formicid Fighter on Oct 12, 2020.
             Mangled by an ogre
             ... wielding a +0 giant spiked club
              (16 damage)
             ... in the Dungeon (Sprint IX: "|||||||||||||||||||||||||||||").
             The game lasted 00:00:56 (96 turns).

HoaS the Poker (Formicid Fighter)                     Turns: 96, Time: 00:00:56

Health: -7/35      AC:  6    Str: 22    XL:     4   Next: 87%
Magic:  4/4        EV:  9    Int:  7    God:
Gold:   0          SH: 10    Dex: 10    Spells: 3/3 levels left

rFire    . . .     SeeInvis +   a - +0 trident
rCold    . . .     Faith    .   c - +0 kite shield
rNeg     . . .     Spirit   .   b - +0 scale mail
rPois    .         Reflect  .   (helmet unavailable)
rElec    .         Harm     .   (no cloak)
rCorr    .         Rampage  .   (no gloves)
MR       .....                  (no boots)
Stlth    ..........             (no amulet)
HPRegen  0.11/turn              (no ring)
MPRegen  0.09/turn              (no ring)

@: mighty
A: permanent stasis, dig shafts and tunnels, four strong arms, antennae 3
a: Dig


You were in the Dungeon.
You visited 1 branch

Inventory:

Hand Weapons
 a - a +0 trident (weapon)
Armour
 b - a +0 scale mail (worn)
 c - a +0 kite shield (worn)
Potions
 g - 2 potions of magic


   Skills:
 - Level 3.2 Fighting
 * Level 7.3 Polearms
 - Level 3.2 Armour
 + Level 7.0 Shields


You had 3 spell levels left.
You didn't know any spells.
Your spell library was empty.

Dungeon Overview and Level Annotations

Branches:
Dungeon (1/1)

Altars:


Innate Abilities, Weirdness & Mutations

You cannot be hasted, slowed, berserked, paralysed or teleported.
You can dig through walls and to a lower floor.
Your four strong arms can wield two-handed weapons with a shield.
You have a pair of large antennae on your head. (SInv)


Message History

You block the white imp's attack.
You hit the white imp.
You kill the white imp!
Your Shields skill increases to level 7!
You feel better. The jackal bites you.
Press: ? - help, Dir - move target cursor, f - ogre
Aim: an ogre, wielding a +0 giant spiked club The jackal is in the way.
You puncture the jackal!
You kill the jackal!
You feel very mighty all of a sudden.
The ogre hits you with a +0 giant spiked club!
You puncture the ogre!
The ogre is heavily wounded.
You barely miss the ogre.
The ogre is heavily wounded.
You block the ogre's attack.
You puncture the ogre!
The ogre is severely wounded.
The ogre hits you with a +0 giant spiked club!
You die...

▓.▓
▓.▓
▓†▓
▓.▓
▓.▓
▓.▓
▓.▓
▓.▓
▓@▓
▓O▓
▓.▓
▓.▓
▓.▓
▓.▓
▓+▓


You could see an ogre.

Vanquished Creatures
  A centaur (D)
  A white imp (D)
  A ball python (D)
  A goblin (D)
  A jackal (D)
  A bat (D)
  A frilled lizard (D)
  2 rats (D)
9 creatures vanquished.

Notes
Turn   | Place    | Note
-------+----------+-------------------------------------------
     0 | D        | HoaS the Formicid Fighter began the quest for the Orb.
     0 | D        | Reached XP level 1. HP: 18/18 MP: 1/1
    70 | D        | Noticed a centaur
    70 | D        | Noticed an ogre
    77 | D        | Killed a centaur
    77 | D        | Reached XP level 2. HP: 5/24 MP: 2/2
    77 | D        | Reached XP level 3. HP: 6/29 MP: 3/3
    77 | D        | Reached XP level 4. HP: 7/35 MP: 4/4
    96 | D        | Mangled by an ogre

Illustrated notes

Levels and vault maps discovered:
D:        linesprint [early_d, line_temple, items_1, d_10, items_2, lair_1,
          lair_end, items_3, orc_1, orc_end, items_4, d_15, swamp_1, shoals_1,
          snake_1, spider_1, d_20, vaults_1, items_5, swamp_end, shoals_end,
          snake_end, spider_end, vaults_end, d_27, items_6, zot_1, zot_end,
          crypt_end, forest_end, elf_end, slime_end, tomb_end, abyss_end,
          pan_hell_end]

Skill      XL: |  1  2  3  4 |
---------------+-------------+-----
Shields        | 6 7 |  7.0
Polearms       | 7 |  7.3
Fighting       | |  3.2
Armour         | |  3.2

Action                   |  1- 3 |  4- 6 || total
-------------------------+-------+-------++-------
Melee: Trident           |    17 |    15 ||    32
  Use: Potion            |       |     3 ||     3
Armor: Scale mail        |     4 |     4 ||     8
Dodge: Dodged            |     5 |     2 ||     7
Block: Kite shield       |     6 |     9 ||    15

Table legend: (Time is in decaauts)
 A = Elapsed time spent in this place.
 B = Non-inter-level travel time spent in this place.
 C = Inter-level travel time spent in this place.
 D = Time resting spent in this place.
 E = Time spent auto-exploring this place.
 F = Levels seen in this place.
 G = Mean time per level.
                   A        B        C        D        E       F      G
               +--------+--------+--------+--------+--------+-----+--------+
         Total |     99 |     99 |      0 |     50 |      0 |   1 |   99.0 |
       Dungeon |     99 |     99 |      0 |     50 |      0 |   1 |   99.0 |
               +--------+--------+--------+--------+--------+-----+--------+

Top non-repeatable levels by time:
       D: 99 daAuts
